 Dungeon Crawl Stone Soup version 0.28.0-43-g3370ac3207 (webtiles) character file.

Game seed: 2717403650237076031

436 adizb the Gusty (level 6, -12/48 HPs)
             Began as a Demigod Air Elementalist on Mar 4, 2022.
             Mangled by Duvessa
             ... wielding a +0 short sword
              (17 damage)
             ... on level 4 of the Dungeon.
             The game lasted 00:24:36 (3275 turns).

adizb the Gusty (Demigod Air Elementalist)          Turns: 3275, Time: 00:24:36

Health: -12/48     AC:  2    Str: 13    XL:     6   Next: 40%
Magic:  9/13       EV: 12    Int: 21    God:
Gold:   81         SH:  0    Dex: 14    Spells: 8/11 levels left

rFire   . . .      SeeInvis .   g - +3 dagger
rCold   . . .      Faith    .   (no shield)
rNeg    . . .      Spirit   .   a - +0 robe
rPois   .          Reflect  .   (no helmet)
rElec   .          Harm     .   (no cloak)
rCorr   .          Rampage  .   (no gloves)
Will    .....                   (no boots)
Stlth   ++........              (no amulet)
HPRegen 0.16/turn               (no ring)
MPRegen 0.13/turn               (no ring)

@: no status effects
A: high MP 1, forlorn, divine attributes
a: no special abilities


You were on level 4 of the Dungeon.
You visited 1 branch of the dungeon, and saw 4 of its levels.

You collected 81 gold pieces.

Inventory:

Hand Weapons
 g - a +3 dagger (weapon)
 o - a +0 dagger of venom
 p - a +2 short sword of draining
Missiles
 k - 3 javelins
Armour
 a - a +0 robe (worn)
 c - a +0 chain mail
 q - a +0 ring mail
Jewellery
 f - a ring of resist corrosion
 n - a +4 ring of protection
Wands
 r - a wand of mindburst (8)
Scrolls
 b - a scroll of blinking {unknown}
 d - 3 scrolls of identify {unknown}
 e - a scroll of enchant weapon {unknown}
 j - 2 scrolls of teleportation {unknown}
 m - a scroll of fog
Potions
 h - a potion of heal wounds {unknown}
 i - a potion of brilliance {unknown}
 l - 2 potions of might {unknown}
 s - a potion of lignification {unknown}


   Skills:
 + Level 2.2 Fighting
 + Level 2.3 Armour
 - Level 1.7 Dodging
 - Level 1.7 Stealth
 + Level 3.0 Spellcasting
 + Level 2.5 Conjurations
 * Level 4.4 Air Magic


You had 8 spell levels left.
You knew the following spells:

 Your Spells              Type           Power      Damage    Failure   Level
a - Shock                 Conj/Air       68%        1d7       3%          1
b - Static Discharge      Conj/Air       17%        N/A       4%          2

Your spell library contained the following spells:

 Spells                   Type           Power      Damage    Failure   Level
 Swiftness                Air            21%        N/A       6%          3
 Airstrike                Air            10%        N/A       22%         4


Dungeon Overview and Level Annotations

Branches:
Dungeon (4/15)
 Temple: D:4-7

Annotations:
D:4 Duvessa


Innate Abilities, Weirdness & Mutations

You have an increased reservoir of magic. (+10% MP)
You shall have no god before yourself.
Your divine heritage dramatically boosts your attributes as you level up.


Message History

The zap hits Dowan.
Dowan is lightly wounded.
The zap hits Dowan.
Dowan is moderately wounded.
The zap hits Duvessa.
Duvessa is moderately wounded.
Duvessa hits you with a +0 short sword.
Aiming: Shock (safe; 3% risk of failure)
Press: ? - help, Q - select action, (/) - cycle Shift-Dir - straight line The zap hits Duvessa.
Duvessa is moderately wounded.
The zap hits Dowan.
Dowan is heavily wounded.
The zap hits Dowan.
Dowan is severely wounded.
The zap hits Duvessa but does no damage.
Duvessa is moderately wounded.
Duvessa hits you with a +0 short sword.
Aiming: Shock (safe; 3% risk of failure)
Press: ? - help, Q - select action, (/) - cycle Shift-Dir - straight line The zap hits Duvessa.
Duvessa is moderately wounded.
The zap hits Dowan!
You kill Dowan!
Duvessa weeps, and shakes her weapon.
Duvessa goes berserk!
The zap hits Duvessa but does no damage.
Duvessa is moderately wounded.
Duvessa misses you. Duvessa hits you with a +0 short sword!
* * * LOW HITPOINT WARNING * * *
Your Spellcasting skill increases to level 3!
Okay, then.
As you read the scroll of fog, it crumbles to dust.
The scroll dissolves into smoke.
Duvessa hits you with a +0 short sword.
* * * LOW HITPOINT WARNING * * *
Duvessa barely misses you.
Things that are here:
a +0 dagger; a kobold corpse Duvessa hits you with a +0 short sword!
You die...

#....###.#..#.#####..###
#.....##....#..........#
#.....####........##...#
#.....#..).e..###...§..
#.....#§#####§......§e
#.....#§# #.§.######§#
.. #####.#§#
#...######§#....
#.#§###......§§§§.#
#.#§e@.##§#####+#.#
##.§§##.##.# #
#..§§......#
#.......####
##......######
#.....#......#
#............#
#.....#......#
#....##......#


You could see Duvessa (berserk).

Vanquished Creatures
  Blork the orc (D:4)
  Dowan (D:4)
  A jelly (D:4)
  A howler monkey (D:2)
  An orc priest (D:4)
  An iguana (D:4)
  2 orc wizards
  3 gnolls (D:3)
  2 adders (D:4)
  An adder skeleton (D:4)
  A worm (D:2)
  3 dart slugs
  6 orcs
  5 ball pythons
  12 endoplasms
  5 giant cockroaches
  6 goblins
  4 hobgoblins (D:2)
  4 jackals (D:3)
  8 kobolds
  3 quokkas
  4 bats
  8 frilled lizards
  4 rats
87 creatures vanquished.

Notes
Turn   | Place    | Note
-------+----------+-------------------------------------------
     0 | D:1      | adizb the Demigod Air Elementalist began the quest for the
                  | Orb.
     0 | D:1      | Reached XP level 1. HP: 14/14 MP: 5/5
   134 | D:1      | Reached skill level 1 in Conjurations
   285 | D:1      | Reached XP level 2. HP: 6/22 MP: 0/7
   850 | D:1      | Learned a level 2 spell: Static Discharge
  1067 | D:2      | Reached skill level 3 in Air Magic
  1188 | D:2      | Reached skill level 1 in Fighting
  1199 | D:2      | Reached XP level 3. HP: 13/28 MP: 8/8
  1322 | D:2      | Reached skill level 1 in Armour
  1872 | D:2      | Reached XP level 4. HP: 25/35 MP: 4/10
  2411 | D:3      | Reached XP level 5. HP: 32/41 MP: 1/11
  2808 | D:4      | Reached skill level 4 in Air Magic
  2899 | D:4      | Noticed Blork the orc
  3024 | D:4      | Killed Blork the orc
  3025 | D:4      | Reached XP level 6. HP: 18/48 MP: 4/13
  3245 | D:4      | Noticed Duvessa
  3245 | D:4      | Noticed Dowan
  3271 | D:4      | Killed Dowan
  3275 | D:4      | Mangled by Duvessa

Illustrated notes

Levels and vault maps discovered:
D:1:      evilmike_arrival_crescent, layout_basic, basic_ecumenical_altar
D:2:      layout_basic, basic_altar
D:3:      layout_rooms
D:4:      layout_basic, kennysheep_mini_moat, minitemple, uniq_duvessa,
          uniq_blork_the_orc

Skill      XL: |  1  2  3  4  5  6 |
---------------+-------------------+-----
Conjurations   | 1 2 |  2.5
Spellcasting   | 2 3 |  3.0
Air Magic      | 3 4 |  4.4
Fighting       | 1 2 |  2.2
Armour         | 1 2 |  2.3
Dodging        | |  1.7
Stealth        | |  1.7

Action                   |  1- 3 |  4- 6 || total
-------------------------+-------+-------++-------
Melee: Unarmed           |     2 |       ||     2
       Dagger            |    59 |    40 ||    99
       Punch             |       |     1 ||     1
 Cast: Shock             |    61 |    55 ||   116
       Static Discharge  |     2 |     7 ||     9
  Use: Scroll            |       |     2 ||     2
 Stab: Sleeping          |     3 |     2 ||     5
       Distracted        |     1 |     1 ||     2
Armor: Robe              |     9 |     8 ||    17
Dodge: Dodged            |    50 |    54 ||   104
